 Dungeon Crawl Stone Soup version 0.28-a0-312-gbced6e68ee (webtiles) character file.

Game seed: 15254494403020346031

4223 Demosthentine the Spear-Bearer (level 10, 0/81 HPs)
             Began as a Merfolk Gladiator on Aug 30, 2021.
             Was a Believer of the Shining One.
             Killed from afar by a gargoyle (20 damage)
             ... with a stone arrow
             ... on level 8 of the Dungeon.
             The game lasted 00:06:01 (5903 turns).

Demosthentine the Spear-Bearer (Merfolk Gladiator)  Turns: 5903, Time: 00:06:01

Health: 0/81       AC:  6    Str: 22    XL:     10   Next: 30%
Magic:  10/10      EV: 18    Int:  7    God:    the Shining One [**....]
Gold:   1001       SH:  5    Dex: 18    Spells: 9/9 levels left

rFire   . . .      SeeInvis .   h - +7 halberd "Wadwyo" {freeze, rCorr Str+6 Stlth+}
rCold   . . .      Faith    .   (shield currently unavailable)
rNeg    + . .      Spirit   .   n - +0 troll leather armour
rPois   .          Reflect  +   c - +0 helmet
rElec   .          Harm     .   (no cloak)
rCorr   +          Rampage  .   (no gloves)
Will    .....                   (no boots)
Stlth   +.........              p - amulet of reflection
HPRegen 1.23/turn               (no ring)
MPRegen 0.12/turn               (no ring)

@: glowing
A: (nimble swimmer 2), mertail
a: Renounce Religion, Divine Shield


You were on level 8 of the Dungeon.
You worshipped the Shining One.
The Shining One was pleased with you.
You visited 2 branches of the dungeon, and saw 9 of its levels.

You collected 1001 gold pieces.

Inventory:

Hand Weapons
 h - the +7 halberd "Wadwyo" (weapon) {freeze, rCorr Str+6 Stlth+}
   (You acquired it on level 2 of the Dungeon)

   It freezes those it strikes, dealing additional cold damage.
   It can also slow down cold-blooded creatures.
   Str:       It affects your strength (+6).
   rCorr:     It protects you from acid and corrosion.
   Stlth:     It makes you more stealthy.
 u - a +0 trident
Missiles
 d - 2 throwing nets (quivered)
Armour
 c - a +0 helmet (worn)
 n - a +0 troll leather armour (worn)
Jewellery
 p - an amulet of reflection (around neck)
Wands
 k - a wand of flame (19)
 o - a wand of acid (11)
Scrolls
 f - 3 scrolls of identify
 g - 4 scrolls of teleportation
 s - a scroll of magic mapping
Potions
 b - a potion of flight
 i - 3 potions of attraction
 j - a potion of berserk rage
 l - a potion of mutation
 m - 2 potions of invisibility


   Skills:
 + Level 8.3 Fighting
 + Level 11.2 Polearms
 - Level 2.0 Throwing
 + Level 5.5 Armour
 + Level 10.3 Dodging


You had 9 spell levels left.
You didn't know any spells.
Your spell library contained the following spells:

 Spells                   Type           Power      Damage    Failure   Level
 Summon Ice Beast         Ice/Summ       0%         N/A       99%         4
 Summon Mana Viper        Hex/Summ       0%         N/A       100%        5
 Monstrous Menagerie      Summ           0%         N/A       100%        7


Dungeon Overview and Level Annotations

Branches:
Dungeon (8/15)             Temple (1/1) D:6
   Lair: D:8-11

Altars:
Ashenzari
Cheibriados
Elyvilon
Fedhas
Gozag
Hepliaklqana
Kikubaaqudgha
Makhleb
Nemelex Xobeh
Okawaru
Qazlal
Ru
Sif Muna
Trog
Uskayaw
Vehumet
Wu Jian
Xom
Yredelemnul
Zin
The Shining One

Shops:
D:5 :   D:8 *


Innate Abilities, Weirdness & Mutations

((You are quick and stealthy near water. (Stealth+, EV+, Speed+++)))
Your lower body shifts to a powerful aquatic tail in water.


Message History

You are too injured to fight recklessly!
You are too injured to fight recklessly!
You are too injured to fight recklessly!
You are too injured to fight recklessly!
Unknown command.
Reach: h) +7 halberd "Wadwyo" {freeze, rCorr Str+6 Stlth+}
Press: ? - help, Dir - move target, f - gargoyle
Aim: a gargoyle, wielding a +0 flail (haloed, about 6% to evade the +7 halberd "Wadwyo")
You reach to attack!
You hit the gargoyle but do no damage.
The gargoyle hurls a stone arrow at you.
The stone arrow hits you!!
* * * LOW HITPOINT WARNING * * *
You feel much better.
The gargoyle hurls a stone arrow at you.
The stone arrow hits you!!
* * * LOW HITPOINT WARNING * * *
You feel much better.
The gargoyle hurls a stone arrow at you.
The stone arrow hits you!!
* * * LOW HITPOINT WARNING * * *
You feel much better.
You hit the gargoyle. You freeze the gargoyle.
The gargoyle is lightly damaged.
The gargoyle hurls a stone arrow at you.
The stone arrow hits you!!
* * * LOW HITPOINT WARNING * * *
You slash the gargoyle! You freeze the gargoyle.
The gargoyle is heavily damaged.
The gargoyle misses you.
You hit the gargoyle but do no damage.
The gargoyle is heavily damaged.
The gargoyle closely misses you.
You hit the gargoyle but do no damage.
The gargoyle is heavily damaged.
The gargoyle barely misses you.
You slash the gargoyle! You freeze the gargoyle.
The gargoyle is almost destroyed.
The gargoyle hurls a stone arrow at you.
The stone arrow hits you!!
You die...

.. ..#.......#.
...######.#.#.#...#.
###.....#.#.#.#.###.
...................>
...##..#.#.#.#####.
#..#.#.#.######
#..#.#.#.#.....
#.#.########..#.#.#.#.....
.......†9@..^.#.#+#.######
.......#####.#............
....... #.#......######
≈.≈.... #.#.♣....# ≈.≈;...
#.#....### ≈.≈≈≈.. #.# .
.# ≈≈≈≈≈.. #.# # ≈≈≈≈≈..
.#


You could see a gargoyle.

Vanquished Creatures
  Maggie (D:6)
  A troll (D:8)
  A meliai zombie (D:6)
  A wyvern (D:7)
  3 steam dragons
  An acid dragon (D:4)
  3 water moccasins
  2 orc warriors
  A necrophage (D:6)
  2 ogres
  2 ice beasts
  2 wolves (D:8)
  2 centaurs (D:7)
  A water moccasin skeleton (D:6)
  6 killer bees (D:8)
  9 wights
  4 howler monkeys
  A centaur zombie (D:6)
  3 jellies
  7 hounds
  A gnoll shaman (D:7)
  An orc priest (D:8)
  A bullfrog skeleton (D:6)
  Jessica (D:3)
  A centaur skeleton (D:6)
  6 orc wizards
  5 adders
  7 gnolls
  A shadow imp (D:6)
  An ufetubus (D:7)
  An adder zombie (D:5)
  3 worms
  A dart slug (D:2)
  10 orcs
  7 ball pythons
  4 endoplasms
  5 goblins
  6 hobgoblins
  10 jackals
  4 kobolds
  5 quokkas
  9 bats
  2 frilled lizards
  4 rats
149 creatures vanquished.

Vanquished Creatures (others)
  14 fungi
  5 toadstools (D:8)
19 creatures vanquished.

Grand Total: 168 creatures vanquished

Notes
Turn   | Place    | Note
-------+----------+-------------------------------------------
     0 | D:1      | Demosthentine the Merfolk Gladiator began the quest for the
                  | Orb.
     0 | D:1      | Reached XP level 1. HP: 16/16 MP: 1/1
   288 | D:1      | Reached XP level 2. HP: 23/23 MP: 2/2
   791 | D:2      | Reached XP level 3. HP: 28/28 MP: 3/3
  1168 | D:2      | Reached skill level 5 in Polearms
  1170 | D:2      | Reached skill level 1 in Armour
  1173 | D:2      | HP: 1/28 [gnoll (5)]
  1175 | D:2      | Reached XP level 4. HP: 6/35 MP: 4/4
  1467 | D:2      | Noticed an ogre
  1479 | D:2      | Killed an ogre
  1480 | D:2      | Reached skill level 5 in Dodging
  1480 | D:2      | Reached XP level 5. HP: 41/41 MP: 5/5
  1659 | D:2      | Found a faded altar of an unknown god.
  1674 | D:2      | Identified a scroll of acquirement
  1674 | D:2      | Acquired the +7 halberd "Wadwyo" {freeze, rCorr Str+6
                  | Stlth+}
  1907 | D:3      | Noticed Jessica
  1914 | D:3      | Killed Jessica
  2248 | D:4      | Reached skill level 6 in Polearms
  2248 | D:4      | Reached XP level 6. HP: 48/48 MP: 6/6
  2800 | D:4      | Found a burning altar of Makhleb.
  2809 | D:4      | Found an opulent altar of Gozag.
  2974 | D:4      | Noticed an acid dragon
  2980 | D:4      | Killed an acid dragon
  2981 | D:4      | Reached XP level 7. HP: 45/55 MP: 3/7
  3232 | D:5      | Entered Level 5 of the Dungeon
  3301 | D:5      | Reached skill level 7 in Polearms
  3317 | D:5      | Found Gigo's Book Shop.
  3983 | D:6      | Noticed Maggie
  3994 | D:6      | Reached skill level 5 in Fighting
  3995 | D:6      | Killed Maggie
  3996 | D:6      | Reached skill level 8 in Polearms
  3996 | D:6      | Reached XP level 8. HP: 37/63 MP: 8/8
  4043 | D:6      | Found a staircase to the Ecumenical Temple.
  4072 | Temple   | Entered the Ecumenical Temple
  4302 | Temple   | Became a worshipper of the Shining One
  4359 | D:6      | Found a snail-covered altar of Cheibriados.
  4596 | D:6      | Reached skill level 9 in Polearms
  4694 | D:6      | Reached XP level 9. HP: 71/71 MP: 9/9
  5103 | D:7      | Acquired 702 gold pieces
  5133 | D:7      | Reached skill level 10 in Polearms
  5230 | D:7      | Reached * piety under the Shining One
  5414 | D:7      | Reached skill level 5 in Armour
  5726 | D:8      | Reached XP level 10. HP: 53/80 MP: 10/10
  5731 | D:7      | Reached ** piety under the Shining One
  5826 | D:8      | Found Zomarium's Overcharged Wands.
  5863 | D:8      | Reached skill level 10 in Dodging
  5868 | D:8      | Noticed a gargoyle
  5878 | D:8      | Reached skill level 11 in Polearms
  5903 | D:8      | Killed from afar by a gargoyle

Illustrated notes

Levels and vault maps discovered:
D:1:      scummos_arrival_simple_fountains, layout_loops_ring,
          minmay_pentomino_q2
D:2:      layout_loops_ring, chequers_ecumenical_altar_simple_redux
D:3:      layout_basic, uniq_jessica
D:4:      layout_loops_ring, mainiacjoe_overflow_swirl, saegor_snake_ambush
D:5:      layout_gridville, serial_shops, nicolae_inconvenience_store
D:6:      kennysheep_steamy, layout_gridville, general_overflow_altar,
          minmay_temple_entry_large_hall, uniq_maggie
D:7:      layout_loops_ring
D:8:      lemuel_ice_spiral_2, layout_basic, erik_lair_island,
          minmay_gold_behind_fungi, chequers_mini_garden,
          nicolae_shop_overcharged_wands
Temple:   eino_narrow_crystal_temple

Skill      XL: |  1  2  3  4  5  6  7  8  9 10 |
---------------+-------------------------------+-----
Polearms       | 5 6 8 9 10 11 | 11.2
Armour         | 1 2 3 4 5 |  5.5
Fighting       | 3 4 5 6 7 8 |  8.3
Dodging        | 5 6 7 8 9 10 | 10.3
Throwing       | |  2.0

Action                   |  1- 3 |  4- 6 |  7- 9 | 10-12 || total
-------------------------+-------+-------+-------+-------++-------
Melee: Trident           |   120 |    10 |       |       ||   130
       Halberd           |       |    49 |   173 |    50 ||   272
Throw: Throwing net      |       |     1 |       |       ||     1
  Use: Scroll            |     4 |     5 |     7 |       ||    16
       Potion            |       |       |       |     3 ||     3
 Stab: Sleeping          |     1 |    14 |     3 |       ||    18
       Distracted        |     1 |       |       |       ||     1
       Held in net/web   |       |     1 |       |       ||     1
Armor: Leather armour    |    25 |     2 |       |       ||    27
       Troll leather arm |       |     1 |    30 |     2 ||    33
Dodge: Dodged            |    93 |    15 |    88 |    35 ||   231
Block: Other             |       |       |    20 |    12 ||    32
       Reflection        |       |       |     1 |       ||     1

Table legend: (Time is in decaauts)
 A = Elapsed time spent in this place.
 B = Non-inter-level travel time spent in this place.
 C = Inter-level travel time spent in this place.
 D = Time resting spent in this place.
 E = Time spent auto-exploring this place.
 F = Levels seen in this place.
 G = Mean time per level.
                   A        B        C        D        E       F      G
               +--------+--------+--------+--------+--------+-----+--------+
         Total |   5916 |   5704 |    212 |    351 |   4342 |   9 |  657.3 |
       Dungeon |   5677 |   5485 |    192 |    351 |   4143 |   8 |  709.6 |
        Temple |    238 |    218 |     20 |      0 |    199 |   1 |  238.0 |
               +--------+--------+--------+--------+--------+-----+--------+

Top non-repeatable levels by time:
     D:2: 1061 daAuts
     D:4: 982 daAuts
     D:7: 774 daAuts
     D:6: 771 daAuts
     D:5: 755 daAuts
     D:1: 671 daAuts
     D:3: 524 daAuts
  Temple: 238 daAuts
     D:8: 136 daAuts
